 Dungeon Crawl Stone Soup version 0.22-a0-410-g97be04f (webtiles) character file.

125770 Serpenta the Acrobat (level 16, -3/138 HPs)
             Began as a Barachi Chaos Knight on May 10, 2018.
             Slain by a spark wasp (12 damage)
             ... on level 2 of the Spider Nest on May 11, 2018.
             The game lasted 01:35:59 (30162 turns).

Serpenta the Acrobat (Barachi Chaos Knight)        Turns: 30162, Time: 01:36:00

Health: -3/138     AC: 19    Str: 17    XL:     16   Next: 96%
Magic:  0/25       EV: 30    Int: 11    God:    Xom [..*...]
Gold:   1104       SH:  0    Dex: 21    Spells: 14/15 levels left

rFire    + + .     SeeInvis .   H - +3 scimitar (flame)
rCold    . . .     Gourm    .   (no shield)
rNeg     . . .     Faith    .   N - +2 ring mail {rF+}
rPois    +         Spirit   +   (helmet restricted)
rElec    .         Reflect  .   K - +1 cloak of the Enchanted Forest {Dex+4}
rCorr    .         Harm     .   (no gloves)
MR       ++...     Clarity  +   r - +0 pair of boots (curse)
Stlth    ++........             Y - amulet of Apaudown {Spirit Fragile rPois Slay+2}
HPRegen  0.33/turn              d - +3 ring of protection
MPRegen  0.19/turn              z - +3 ring of protection

@: berserk cooldown, slowed, very slow
A: +LOS, swims, horns 1, iridescent scales 1, agile 1, blurry vision 1, clarity,
deformed body, dopey 1, fire resistance 1, high mp 1, magic resistance 1,
slowness 1, MP-powered wands, strong legs 2
a: Hop, Renounce Religion


You were on level 2 of the Spider Nest.
You worshipped Xom.
You were a toy of Xom.
You were not hungry.

You visited 4 branches of the dungeon, and saw 26 of its levels.
You also visited: Labyrinth and Trove.

You collected 2879 gold pieces.
You spent 1775 gold pieces at shops.


Innate Abilities, Weirdness & Mutations

Shadows flee at your approach. (+LOS)
You can swim through water.
You cover ground slowly.
You can hop long distances.
You have a pair of small horns on your head.
You are partially covered in iridescent scales. (AC +2)
You are agile. (Dex +2)
Scrolls take you a little longer to read.
You possess an exceptional clarity of mind.
Armour fits poorly on your strangely shaped body.
You are dopey. (Int -2)
Your flesh is heat resistant. (rF+)
You have an increased reservoir of magic. (+10% MP)
You are resistant to hostile enchantments. (MR+)
You expend magic power (3 MP) to strengthen your wands.


   Skills:
 + Level 16.1 Fighting
 + Level 16.1 Long Blades
 - Level 14.0 Armour
 - Level 22.0 Dodging
 + Level 3.5 Stealth
 - Level 9.0 Evocations


You had 14 spell levels left.
You knew the following spells:

 Your Spells              Type           Power        Failure   Level  Hunger
a - Apportation           Tloc           #.....       47%         1    ##.....

Action                   |  1- 3 |  4- 6 |  7- 9 | 10-12 | 13-15 | 16-18 || total
-------------------------+-------+-------+-------+-------+-------+-------++-------
Melee: Falchion          |    95 |    48 |     5 |       |       |       ||   148
       Long sword        |       |   145 |   269 |   637 |       |       ||  1051
       Bite              |       |       |       |   101 |     3 |       ||   104
       Great sword       |       |       |       |   170 |       |       ||   170
       Scimitar          |       |       |       |    17 |  1467 |   477 ||  1961
       Headbutt          |       |       |       |       |       |    98 ||    98
Throw: Tomahawk          |       |       |       |     4 |       |       ||     4
 Cast: Apportation       |       |       |       |       |       |     1 ||     1
 Abil: Hop               |       |       |     1 |     5 |     4 |     3 ||    13
Evoke: Wand              |       |       |    15 |    45 |    12 |    35 ||   107
       Box of beasts     |       |       |       |       |     2 |       ||     2
       Phantom mirror    |       |       |       |       |     1 |       ||     1
  Use: Scroll            |       |     9 |    15 |     2 |    13 |     2 ||    41
       Potion            |       |     1 |     6 |     8 |     8 |     4 ||    27
 Stab: Petrified         |     1 |       |       |       |       |       ||     1
       Confused          |       |     2 |     1 |       |     3 |     2 ||     8
       Paralysed         |       |       |     3 |     2 |     4 |       ||     9
       Distracted        |       |       |       |     1 |     2 |       ||     3
       Invisible         |       |       |       |     3 |       |       ||     3
       Held in net/web   |       |       |       |       |     1 |       ||     1
  Eat: Chunk             |     1 |    11 |     7 |    10 |    31 |     9 ||    69
       Ration            |       |       |     2 |     4 |     8 |     2 ||    16
Armor: Leather armour    |    26 |       |       |       |       |       ||    26
       Scale mail        |    21 |    92 |   138 |   365 |   325 |       ||   941
       Skin              |       |       |       |    33 |    14 |       ||    47
       Ring mail         |       |       |       |       |    67 |   110 ||   177
Dodge: Dodged            |    59 |    85 |   145 |   512 |  1129 |   613 ||  2543
Block: Other             |       |       |       |       |    70 |       ||    70
       Reflection        |       |       |       |       |     6 |       ||     6
       Rpst.: Falchion   |    15 |     5 |     1 |       |       |       ||    21
       Long sword        |       |    22 |    42 |    70 |       |       ||   134
       Great sword       |       |       |       |    51 |       |       ||    51
       Scimitar          |       |       |       |     3 |   255 |   140 ||   398

Inventory:

Hand Weapons
 H - a +3 scimitar of flaming (weapon)
Missiles
 w - 12 javelins of returning (quivered)
 V - 6 throwing nets
Armour
 i - a +2 helmet
 r - a cursed +0 pair of boots (worn)
 s - a +1 ring mail of positive energy
 A - a +1 cloak of magic resistance
 K - the +1 cloak of the Enchanted Forest (worn) {Dex+4}
   (You bought it in a shop on level 2 of the Orcish Mines)

   It affects your dexterity (+4).
 N - a +2 ring mail of fire resistance (worn)
Jewellery
 a - a +3 ring of dexterity
 d - a +3 ring of protection (left hand)
 j - an uncursed ring of see invisible
 m - a +6 ring of strength
 z - a +3 ring of protection (right hand)
 F - an uncursed ring of protection from cold
 G - an uncursed ring of ice
 I - an uncursed ring of flight
 P - an uncursed ring of resist corrosion
 Q - an uncursed ring of positive energy
 Y - the amulet of Apaudown (around neck) {Spirit Fragile rPois Slay+2}
   (You bought it in a shop on level 1 of the Orcish Mines)

   [amulet of guardian spirit]

   It causes incoming damage to be split between your health and magic.
   It affects your accuracy and damage with ranged weapons and melee attacks
   (+2).
   It protects you from poison.
   It will be destroyed if unequipped.
Wands
 f - a wand of flame (29)
 k - a wand of iceblast (24)
 o - a wand of scattershot (1)
 x - a wand of clouds (1)
 E - a wand of digging (9)
 S - a wand of polymorph (30)
 T - a wand of acid (8)
 W - a wand of enslavement (18)
Scrolls
 e - 11 scrolls of teleportation
 p - 2 scrolls of blinking
 t - a scroll of enchant weapon
 v - 7 scrolls of fog
 C - 9 scrolls of remove curse
 D - 19 scrolls of identify
 L - 2 scrolls of magic mapping
 R - a scroll of vulnerability
Potions
 b - 3 potions of ambrosia
 h - 5 potions of mutation
 u - 5 potions of flight
 B - 5 potions of brilliance
 J - 3 potions of agility
 M - 5 potions of curing
 O - 4 potions of might
 U - a potion of cancellation
 X - a potion of heal wounds
 Z - a potion of resistance
Miscellaneous
 n - a box of beasts
 q - a phantom mirror
Comestibles
 c - 30 rations
 y - 6 chunks of flesh {@w1}

#....#....[# #.........##
#...†....## #####.(.#####
#...#....#### #.>.##......##
####...####....## ###
##........<#.....#
####.^###^......@..#....##
#..#(..^.......#†y##.....###
.........###.####..#.......#
.#.....###.###.....#.......#
##....#..........##.....^.#
##..............#.....#^##
#..........######...####
##..†.....(...#.##.^.##
##..#.....>..........##


You could see a spark wasp.

Vanquished Creatures
  Asterion (Spider:3)
  Frances (D:12)
  The ghost of Venturno the Fighter, a journeyman DrTm of Cheibriados (Orc:2)
  2 stone giants
  3 entropy weavers
  Azrael (D:12)
  A spark wasp (Spider:3)
  2 ettins (Orc:2)
  A minotaur (Lab)
  Snorg (D:10)
  Josephine (D:12)
  A fire dragon (D:15)
  A great orb of eyes (D:14)
  Fannar (D:10)
  An ice dragon (D:15)
  3 vault guards
  15 hydras
  A merfolk avatar (Lair:6)
  2 ogre magi (D:13)
  5 centaur warriors (D:14)
  A death knight (D:14)
  A two-headed ogre (D:15)
  A queen ant (Spider:2)
  A vampire mage (D:13)
  6 death yaks
  An orc high priest (D:11)
  Urug (D:11)
  Sonja (D:14)
  A skeletal warrior (D:15)
  The ghost of anything the Geomancer, a novice DgEE (D:7)
  A fire crab (Orc:1)
  A sea snake (Lair:6)
  5 unseen horrors
  3 orc knights
  2 wolf spider zombies (D:15)
  A harpy (Lair:6)
  4 orb spiders
  5 hornets
  A deep elf mage (D:13)
  5 wolf spiders
  2 orc sorcerers (Orc:1)
  13 cyclopes
  13 ugly things
  2 manticores (Lair:6)
  8 elephants
  2 gargoyles
  Maurice (D:10)
  A naga mage (D:13)
  A black mamba (Lair:5)
  2 torpor snails (Lair:6)
  7 spiny frogs
  9 komodo dragons
  A kobold demonologist (D:13)
  A freezing wraith (D:14)
  3 rime drakes
  2 demonic crawlers (Spider:2)
  4 yaktaurs (D:15)
  8 jumping spiders
  A queen bee (D:8)
  3 polar bears
  5 trolls
  A wind drake (Lair:6)
  A raiju (Spider:3)
  2 wolves
  A hornet (shapeshifter) (D:15)
  8 blink frogs
  5 slime creatures (D:12)
  16 hippogriffs
  31 redbacks
  2 water elementals (D:12)
  30 yaks
  A shadow (D:14)
  11 tarantellas
  16 wyverns
  3 wraiths (D:12)
  6 basilisks
  3 fire elementals (D:12)
  A hog (D:9)
  9 hungry ghosts
  2 vampire mosquitoes (D:13)
  4 wargs
  7 water moccasins
  3 hell hounds
  A soldier ant (shapeshifter) (D:15)
  20 soldier ants
  8 porcupines
  2 ice beasts
  21 orc warriors
  An eye of draining (D:11)
  5 black bears
  5 sky beasts
  3 necrophages
  3 phantoms
  17 ogres
  22 centaurs
  11 crocodiles
  A big kobold (D:14)
  22 bullfrogs
  Blork the orc (D:4)
  3 scorpions
  2 troll zombies (D:11)
  11 killer bees
  4 electric eels (D:12)
  A vampire bat (D:7)
  13 wights
  12 howler monkeys
  A bullfrog zombie (D:11)
  3 crimson imps
  3 centaur zombies
  2 centaur skeletons
  3 hounds
  4 jellies
  4 gnoll shamans (D:14)
  13 orc priests
  2 bullfrog skeletons
  13 orc wizards
  2 iguanas
  24 worker ants
  A killer bee zombie (D:7)
  6 ogre zombies (D:11)
  2 hound zombies
  A hound skeleton (D:7)
  2 worker ant zombies
  A howler monkey skeleton (D:10)
  19 adders
  14 gnolls
  A river rat (D:3)
  2 shadow imps
  2 oozes
  An adder zombie (D:9)
  7 worms
  4 dart slugs
  5 leopard geckos
  67 orcs
  10 bats
  3 bat skeletons (D:7)
  4 bat zombies (D:7)
  11 giant cockroaches
  10 goblins
  8 hobgoblins
  9 jackals
  4 quokkas
  3 frilled lizards
  5 goblin zombies (D:11)
  3 hobgoblin skeletons (D:11)
  A hobgoblin zombie (D:11)
  9 kobolds
  2 orc skeletons (D:11)
  14 orc zombies (D:11)
  A quokka skeleton (D:4)
  3 rats
  3 fungi
  2 plants
843 creatures vanquished.

Vanquished Creatures (collateral kills)
  An ettin (Orc:2)
  A hydra (D:15)
  An orc knight (Orc:2)
  An elephant (Lair:5)
  Grum (D:8)
  2 trolls
  A wolf (D:8)
  2 blink frogs (Lair:3)
  A redback (Spider:2)
  A centaur (D:8)
  A warg (Orc:2)
  An orc warrior (Orc:2)
  2 ogres
  A bullfrog (D:8)
  3 killer bees (D:8)
  3 wights (D:9)
  A hound (D:8)
  An orc priest (D:9)
  A jelly (D:8)
  2 orc wizards (Orc:2)
  4 worker ants
  6 orcs (Orc:2)
38 creatures vanquished.

Vanquished Creatures (others)
  A vault guard (D:14)
  A deep elf mage (D:14)
  A kobold demonologist (D:13)
  A freezing wraith (D:15)
  A hornet (Lair:6)
  A wyvern (D:15)
  An orc warrior (D:9)
  A killer bee (D:8)
  2 wolves (D:8)
  2 centaurs
  An iguana (D:6)
  3 orcs
  34 fungi
  13 plants
63 creatures vanquished.

Grand Total: 944 creatures vanquished

Vault maps used:
D:1:      dpeg_arrival_lava_temple_mockup, minmay_misc_feat_four_crosses
D:2:      evilmike_ruin_ashenzari, bloody_makhleb, minmay_heptomino_o4
D:3:      nemelex_altar_shiori, yredelemnul_altar_generic
D:4:      nicolae_ru_awakened_eye, lemuel_blue_sif_altar,
          lightli_temple_of_fire, first_ration, serial_shops, shop,
          kennysheep_flooded_box, uniq_blork_the_orc
D:5:      nicolae_overflow_crystal_walls, serial_shops, shop,
          vehumet_altar_wand_db
D:6:      elyvilon_altar_3, lemuel_doored_altar, nicolae_overflow_hidden_temple,
          serial_shops, shop, kennysheep_generic_room_13
D:7:      kennysheep_vampire_church, amethyst_overflow_temple_binary,
          minmay_temple_entry_junction, serial_shops, nicolae_shop_behind_doors
D:8:      david_nohive_1, uniq_joseph, uniq_grum
D:9:      hangedman_abyss_or_decor_lesser_grid
D:10:     grunt_lair_entry_orc_guard_hut, serial_shops,
          nicolae_shop_window_shopping, guppyfry_shop_venom, uniq_snorg,
          uniq_fannar, uniq_maurice
D:11:     zombieorc2_lemuel, nicolae_alphabet_shops, small_statue_intersection,
          uniq_urug
D:12:     enter_trove_5, fedhas_altar_1, uniq_frances, uniq_josephine,
          uniq_azrael
D:13:     minmay_guarded_unrand_prune
D:14:     kennysheep_seaside_town, lightli_vaults_fourway_checkpoint, uniq_sonja
D:15:     grunt_enter_depths_hoard, special_room, serial_bayou_shore_b
Lair:2:   beast_lair_carwin_11, lemuel_fruit_tree
Lair:3:   shoals_dummy_entry, lab_entry_generic, minmay_lair_oklob_chamber
Lair:4:   dpeg_oklob_gauntlet, nicolae_spider_entry_non_spiders,
          beast_lair_carwin_2
Lair:5:   beast_lair_carwin_8
Lair:6:   gammafunk_lair_ancient_temple, dpeg_slime_entry_enclosed_altar,
          lemuel_old_faithful
Spider:2: spider_trap, minivault_29, uniq_louise
Spider:3: spiders_nest_spider_trap, nicolae_spider_cling_halls, uniq_arachne,
          uniq_asterion
Orc:1:    serial_shops, shop, shop, shop_statue, shop_fountains, shop,
          basic_altar, uniq_harold
Orc:2:    grunt_orc_gardens, grunt_orc_garden, grunt_orc_garden,
          grunt_orc_garden, grunt_orc_garden
Lab:      nicolae_lab_grate, labyrinth_skeletal_remains, lab_hedge
Trove:    trove_books_scrolls


Message History

You slash the redback! You burn the redback. Your headbutt misses the redback.
The redback is heavily wounded.
You feel much better. The spark wasp stings you!
* * * LOW HITPOINT WARNING * * *
The spark wasp shocks you!
* * * LOW HITPOINT WARNING * * *
The redback completely misses you.
You riposte.
You slash the redback! You burn the redback.
You kill the redback!
The spark wasp completely misses you.
You riposte.
You slash the spark wasp! You burn the spark wasp. You headbutt the spark wasp.
The spark wasp is almost dead.
The spark wasp misses you.
You hit the spark wasp but do no damage.
You headbutt the spark wasp!
The spark wasp is almost dead.
The spark wasp stings you!
* * * LOW HITPOINT WARNING * * *
The spark wasp shocks you!
You die...

Notes
Turn   | Place    | Note
-------+----------+-------------------------------------------
     0 | D:1      | Serpenta the Barachi Chaos Knight began the quest for the Orb.
     0 | D:1      | Reached XP level 1. HP: 18/18 MP: 1/1
    78 | D:1      | XOM: divination: detect items
   220 | D:1      | Reached XP level 2. HP: 23/24 MP: 2/2
   522 | D:1      | Reached XP level 3. HP: 29/29 MP: 3/3
   552 | D:1      | Reached skill level 5 in Long Blades
  1059 | D:2      | XOM: harmless Tmut miscast
  1066 | D:2      | Found a shattered altar of Ashenzari.
  1160 | D:2      | Reached XP level 4. HP: 27/36 MP: 4/4
  1277 | D:2      | Found a burning altar of Makhleb.
  1454 | D:2      | XOM: confuse monster(s)
  1501 | D:2      | XOM: god gift: robe {god gift}
  1790 | D:3      | XOM: polymorph jackal -> river rat
  1805 | D:3      | Reached XP level 5. HP: 27/41 MP: 5/5
  2194 | D:3      | Found a sparkling altar of Nemelex Xobeh.
  2213 | D:3      | XOM: cast spell 'Dispersal'
  2309 | D:3      | XOM: harmless Conj miscast
  2369 | D:3      | XOM: draining
  2400 | D:3      | XOM: stat loss: -1 Int (12/13)
  2522 | D:3      | Found a basalt altar of Yredelemnul.
  2580 | D:3      | XOM: summons 2 hostile shadow creatures
  2853 | D:4      | Noticed an ogre
  2862 | D:4      | Killed an ogre
  2862 | D:4      | Reached XP level 6. HP: 16/49 MP: 6/6
  2949 | D:4      | XOM: medium Necr miscast
  3198 | D:4      | XOM: give mutations
  3198 | D:4      | Gained mutation: You are frail. (-10% HP) [Xom's mischief]
  3198 | D:4      | Gained mutation: Scrolls take you a little longer to read. [Xom's mischief]
  3248 | D:4      | Found a sacrificial altar of Ru.
  3269 | D:4      | Reached skill level 5 in Fighting
  3291 | D:4      | Found Kubemiz's Jewellery Shoppe.
  3545 | D:4      | Found a bloodstained altar of Trog.
  3788 | D:4      | Found a bloodstained altar of Trog.
  3826 | D:4      | XOM: give mutations
  3826 | D:4      | Gained mutation: Scrolls take you longer to read. [Xom's mischief]
  3826 | D:4      | Gained mutation: You are very frail. (-20% HP) [Xom's mischief]
  3967 | D:4      | Noticed Blork the orc
  3975 | D:4      | XOM: swap monsters
  3982 | D:4      | Killed Blork the orc
  3982 | D:4      | Reached XP level 7. HP: 45/45 MP: 7/7
  4051 | D:4      | Found a deep blue altar of Sif Muna.
  4120 | D:5      | Entered Level 5 of the Dungeon
  4120 | D:5      | Noticed a wyvern
  4122 | D:5      | Got a slimy short sword
  4126 | D:4      | Identified the cursed +2 short sword of Uncertain Death {pain, +Blink rPois rF++ Str-3} (You found it on level 5 of the Dungeon)
  4325 | D:5      | XOM: medium Erth miscast
  4402 | D:5      | XOM: noise
  4462 | D:5      | XOM: medium Air miscast
  4612 | D:5      | XOM: harmless Pois miscast
  4674 | D:5      | XOM: harmless Tloc miscast
  4759 | D:5      | Found a snail-covered altar of Cheibriados.
  4858 | D:6      | Found a basalt altar of Yredelemnul.
  4872 | D:6      | Found Vanud's Jewellery Boutique.
  4935 | D:6      | Found a white marble altar of Elyvilon.
  5211 | D:6      | Reached skill level 1 in Evocations
  5247 | D:6      | Reached XP level 8. HP: 49/49 MP: 9/9
  5364 | D:6      | Found a glowing golden altar of the Shining One.
  5750 | D:6      | XOM: give mutations
  5750 | D:6      | Lost mutation: You are very frail. (-20% HP) [Xom's mischief]
  5750 | D:6      | Gained mutation: You are very frail. (-20% HP) [Xom's mischief]
  5750 | D:6      | Gained mutation: Your body sometimes deteriorates upon taking damage. [Xom's mischief]
  5750 | D:6      | Lost mutation: You are very frail. (-20% HP) [Xom's mischief]
  5805 | D:7      | Noticed anything's ghost (novice DgEE)
  5824 | D:6      | XOM: harmless Pois miscast
  5842 | D:6      | XOM: harmless Chrm miscast
  5855 | D:7      | XOM: noise
  5957 | D:7      | Found an ancient bone altar of Kikubaaqudgha.
  5958 | D:7      | XOM is BORED!
  5958 | D:7      | XOM: 2-stop teleportation journey
  6043 | D:7      | Found a staircase to the Ecumenical Temple.
  6132 | D:7      | Reached skill level 10 in Long Blades
  6201 | D:7      | XOM: 1-stop teleportation journey
  6229 | D:7      | XOM: cast spell 'Summon Hydra'
  6251 | D:7      | XOM: swap monsters
  6286 | D:7      | XOM: 3-stop teleportation journey
  6302 | D:8      | Reached skill level 5 in Evocations
  6341 | D:8      | Reached XP level 9. HP: 41/60 MP: 13/13
  6360 | D:8      | Noticed a queen bee
  6365 | D:8      | XOM: summons 3 friendly demons
  6372 | D:8      | Noticed Grum
  6374 | D:8      | XOM: summons 6 friendly demons
  6385 | D:8      | Killed Grum
  6752 | D:8      | XOM: cloud trail
  6997 | D:7      | Found a radiant altar of Vehumet.
  7009 | D:7      | Found a shadowy altar of Dithmenos.
  7050 | D:7      | XOM: summons 4 friendly demons
  7051 | D:7      | Found Fitil's Food Boutique.
  7059 | D:7      | XOM: harmless Tloc miscast
  7274 | D:4      | Bought a +3 ring of protection for 294 gold pieces
  7365 | D:5      | Found Caesaud's Book Emporium.
  7403 | D:5      | XOM: silly message
  7466 | D:5      | Found a radiant altar of Vehumet.
  7483 | D:5      | XOM: divination: detect creatures
  7731 | D:7      | Killed anything's ghost
  7731 | D:7      | Reached XP level 10. HP: 65/69 MP: 14/14
  7868 | D:8      | Noticed Joseph
  7888 | D:7      | XOM: divination: detect creatures
  7972 | D:7      | XOM: give mutations
  7972 | D:7      | Gained mutation: You have an increased reservoir of magic. (+10% MP) [Xom's grace]
  7972 | D:7      | Gained mutation: You are partially covered in iridescent scales. (AC +2) [Xom's grace]
  8175 | D:8      | Noticed Joseph
  8175 | D:8      | Joseph changed into Joseph the crocodile
  8175 | D:8      | XOM: polymorph Joseph -> Joseph the crocodile
  8192 | D:8      | Killed Joseph the crocodile
  8279 | D:8      | XOM: summons 2 friendly demons
  8419 | D:8      | Reached skill level 5 in Armour
  8425 | D:8      | XOM: smoke on damage
  8670 | D:8      | XOM: summons friendly iron imp
  8728 | D:8      | XOM: mild Summ miscast
  8935 | D:9      | XOM: enchant monster (bad)
  8955 | D:9      | XOM: summons 7 friendly demons
  8978 | D:9      | XOM: cast spell 'Summon Butterflies'
  8995 | D:9      | XOM: polymorph yak -> hog
  9327 | D:9      | XOM: destruction
  9492 | D:9      | XOM: 1-stop teleportation journey
  9545 | D:9      | XOM: god gift: 25 arrows {god gift}
  9640 | D:9      | XOM: divination: detect items
  9806 | D:8      | XOM: give mutations
  9806 | D:8      | Gained mutation: Your natural rate of healing is unusually fast. [Xom's grace]
  9806 | D:8      | Gained mutation: You are agile. (Dex +2) [Xom's grace]
  9932 | D:9      | XOM: cleaving
  9962 | D:9      | Noticed a green ugly thing
  9962 | D:9      | XOM: summons 2 friendly demons
  9964 | D:9      | Killed a hornet
  9964 | D:9      | Reached skill level 10 in Armour
  9969 | D:9      | Killed a green ugly thing
  9969 | D:9      | Reached XP level 11. HP: 70/74 MP: 17/17
  9992 | D:9      | XOM: god gift: 5 rations {god gift}
 10125 | D:9      | XOM: give mutations
 10125 | D:9      | Gained mutation: Your movements are slightly less encumbered by armour. (ER -2) [Xom's grace]
 10125 | D:9      | Gained mutation: You have very sharp teeth. [Xom's grace]
 10459 | D:10     | Entered Level 10 of the Dungeon
 10501 | D:10     | Found Jihiat's Serpentskin Sales.
 10623 | D:10     | Noticed Maurice
 10627 | D:10     | XOM: harmless Ice miscast
 10680 | D:10     | Killed Maurice
 10812 | D:10     | XOM: cast spell 'Ring of Flames'
 10866 | D:10     | Reached skill level 2 in Dodging
 10886 | D:10     | Noticed Snorg
 10896 | D:10     | Killed Snorg
 10896 | D:10     | Reached skill level 4 in Dodging
 10930 | D:10     | Killed an unseen horror
 10930 | D:10     | Reached skill level 5 in Dodging
 11004 | D:10     | Found a staircase to the Lair.
 11090 | D:10     | Reached skill level 6 in Dodging
 11123 | D:10     | Noticed Fannar
 11134 | D:11     | XOM: divination: magic mapping
 11230 | D:11     | Found a staircase to the Orcish Mines.
 11305 | D:11     | Reached skill level 7 in Dodging
 11348 | D:11     | XOM: potion effect (berserk rage)
 11392 | D:11     | XOM: divination: magic mapping
 11452 | D:11     | Reached skill level 8 in Dodging
 11487 | D:11     | XOM: harmless Fire miscast
 11490 | D:11     | XOM: potion effect (agility)
 11498 | D:11     | XOM: potion effect (might)
 11508 | D:11     | Found Iucwij's Incredible Inventory.
 11526 | D:11     | XOM: silly message
 11583 | D:11     | Killed an unseen horror
 11583 | D:11     | Reached skill level 9 in Dodging
 11583 | D:11     | Reached XP level 12. HP: 72/80 MP: 14/18
 11738 | D:11     | XOM: potion effect (invisibility)
 11789 | D:11     | Learned a level 1 spell: Apportation
 11954 | D:11     | Noticed Urug
 11966 | D:11     | XOM: potion effect (berserk rage)
 11972 | D:11     | Killed Urug
 11972 | D:11     | Reached skill level 10 in Dodging
 12495 | D:12     | XOM: potion effect (might)
 12505 | D:12     | Reached skill level 11 in Dodging
 12506 | D:12     | Noticed Josephine
 12515 | D:12     | XOM: divination: magic mapping
 12517 | D:12     | Killed Josephine
 12606 | D:12     | XOM: summons 6 hostile demons
 12653 | D:12     | Found a blossoming altar of Fedhas.
 12711 | D:12     | XOM: 2-stop teleportation journey
 12833 | D:12     | XOM: summons 6 hostile demons
 12996 | D:12     | XOM: summons 4 hostile shadow creatures
 13140 | D:12     | Reached skill level 12 in Dodging
 13399 | D:12     | XOM: torment (41/81 hp)
 13434 | D:12     | XOM: harmless Necr miscast
 13528 | D:12     | Noticed Azrael
 13534 | D:12     | XOM: summons 3 hostile shadow creatures
 13547 | D:12     | XOM: swap monsters
 13551 | D:12     | Killed Azrael
 13592 | D:12     | Noticed Frances
 13608 | D:12     | XOM: summons friendly iron imp
 13614 | D:12     | XOM: chaos cloud
 13625 | D:12     | Killed Frances
 13690 | D:12     | XOM: torment (30/84 hp)
 13795 | D:12     | Found a portal to a secret trove of treasure.
 13795 | D:12     | Noticed a vault guard
 13797 | D:12     | XOM: smoke on damage
 13797 | D:12     | XOM: torment (43/84 hp)
 13798 | D:12     | come on
 13798 | D:12     | xom only hurts me again and again
 13799 | D:12     | Killed a vault guard
 13799 | D:12     | Reached skill level 15 in Long Blades
 13799 | D:12     | Gained mutation: You can hop long distances. [Barachi growth]
 13799 | D:12     | Reached XP level 13. HP: 46/89 MP: 19/19
 13880 | Trove    | Entered a treasure trove
 13916 | Trove    | Identified Sif Muna's Handbook of the Birds and Arcane Weapons
 13931 | Trove    | Identified Sif Muna's Incunabulum of Conjuration
 13947 | Trove    | XOM: stat loss: -1 Int (12/13)
 14071 | D:12     | XOM: stat loss: -1 Int (11/13)
 14287 | D:10     | Found Zoips's Food Boutique.
 14351 | D:10     | Killed Fannar
 14462 | Lair:1   | Entered Level 1 of the Lair of Beasts
 14478 | Lair:1   | XOM: give mutations
 14478 | Lair:1   | Gained mutation: You are weak. (Str -2) [Xom's mischief]
 14478 | Lair:1   | Lost mutation: Your movements are slightly less encumbered by armour. (ER -2) [Xom's mischief]
 14551 | Lair:1   | Reached skill level 13 in Dodging
 14575 | Lair:1   | XOM: give mutations
 14575 | Lair:1   | Gained mutation: You possess an exceptional clarity of mind. [Xom's mischief]
 14575 | Lair:1   | Lost mutation: Scrolls take you longer to read. [Xom's mischief]
 14575 | Lair:1   | Lost mutation: You have very sharp teeth. [Xom's mischief]
 14832 | Lair:1   | XOM: harmless Hex miscast
 14884 | Lair:1   | XOM: medium Air miscast
 15136 | Lair:2   | Reached skill level 14 in Dodging
 15260 | Lair:2   | XOM: medium Hex miscast
 15565 | Lair:2   | Reached skill level 15 in Dodging
 15910 | Lair:3   | Found a labyrinth entrance.
 15920 | Lab      | Entered a labyrinth
 16078 | Lab      | XOM: summons 2 friendly demons
 16156 | Lab      | Noticed a minotaur
 16175 | Lab      | Killed a minotaur
 16182 | Lab      | Identified the Reference Book on Creative Combat Magic
 16183 | Lab      | Got a shimmering long sword
 16216 | Lab      | Identified the +10 long sword "Serpenta's Foe" {protect, *Drain Str+4 Stlth+} (You found it in a labyrinth)
 16331 | Lair:3   | XOM: scenery: create altars
 16339 | Lair:3   | Reached skill level 16 in Dodging
 16373 | Lair:3   | XOM: harmless Necr miscast
 16389 | Lair:3   | XOM: summons 13 friendly demons
 16510 | Lair:3   | Found a staircase to the Shoals.
 16787 | Lair:3   | XOM: medium Tloc miscast
 16800 | Lair:3   | XOM: summons 1 hostile shadow creature
 17153 | Lair:4   | Found a hole to the Spider Nest.
 17367 | Lair:4   | XOM: 3-stop teleportation journey
 17408 | Lair:4   | Reached skill level 17 in Dodging
 17447 | Lair:4   | XOM: summons friendly chaos spawn
 17732 | Lair:4   | XOM: give mutations
 17732 | Lair:4   | Lost mutation: You are frail. (-10% HP) [Xom's mischief]
 17732 | Lair:4   | Lost mutation: You are agile. (Dex +2) [Xom's mischief]
 17732 | Lair:4   | Lost mutation: Your body sometimes deteriorates upon taking damage. [Xom's mischief]
 17801 | Lair:4   | XOM: summons 1 hostile demon
 18402 | D:13     | XOM: polymorph wizard -> cyclops
 18407 | D:13     | XOM: summons friendly orange demon
 18411 | D:13     | Reached skill level 18 in Dodging
 18412 | D:13     | XOM: summons 3 friendly demons
 18442 | D:13     | XOM: scenery: create altars
 18446 | D:13     | XOM: fog
 18454 | D:13     | Reached XP level 14. HP: 33/106 MP: 20/20
 18524 | D:12     | XOM: scenery: 1 doors open
 18623 | D:13     | Reached skill level 19 in Dodging
 18755 | D:13     | Found the +12 glaive of Prune {chop}
 18857 | D:13     | XOM: enchant monster (bad)
 19090 | D:14     | XOM: summons friendly quasit
 19117 | D:14     | Reached skill level 20 in Dodging
 19298 | D:14     | XOM: swap monsters
 19319 | D:14     | Noticed Sonja
 19320 | D:14     | Killed Sonja
 19422 | D:14     | XOM: smoke on damage
 19592 | D:14     | XOM: give mutations
 19592 | D:14     | Lost mutation: You are weak. (Str -2) [Xom's grace]
 19592 | D:14     | Gained mutation: You expend magic power (3 MP) to strengthen your wands. [Xom's grace]
 19592 | D:14     | Gained mutation: You are partially covered in thin metallic scales. (AC +2) [Xom's grace]
 19633 | D:14     | Found a gate to the Vaults.
 19633 | D:14     | XOM: fog
 19651 | D:14     | XOM: divine lightning
 19666 | D:14     | XOM: polymorph vault guard -> great orb of eyes
 19676 | D:14     | Reached skill level 21 in Dodging
 19731 | D:14     | XOM: divination: detect creatures
 20444 | D:15     | Entered Level 15 of the Dungeon
 20452 | D:15     | XOM: harmless Air miscast
 20615 | D:15     | XOM: enchant monster (good)
 20742 | D:14     | Reached skill level 22 in Dodging
 20845 | D:15     | XOM: mild Necr miscast
 20894 | D:15     | XOM: swap monsters
 20962 | D:15     | XOM: mild Conj miscast
 21004 | D:15     | XOM: summons 9 friendly demons
 21013 | D:15     | XOM: enchant monster (good)
 21030 | D:15     | XOM: confuse monster(s)
 21063 | D:15     | XOM: harmless Tloc miscast
 21149 | D:15     | XOM: divination: detect creatures
 21161 | D:15     | Reached XP level 15. HP: 115/115 MP: 22/22
 21208 | D:15     | XOM: enchant monster (good)
 21212 | D:15     | Reached skill level 10 in Fighting
 21318 | D:15     | XOM: cast spell 'Statue Form'
 21324 | D:15     | XOM: cast spell 'Dispersal'
 21541 | D:15     | XOM: harmless Erth miscast
 21546 | D:15     | XOM: harmless Conj miscast
 21574 | D:15     | XOM: enchant monster (good)
 21586 | D:15     | Found a staircase to the Depths.
 21967 | Orc:1    | Entered Level 1 of the Orcish Mines
 21967 | Orc:1    | Found Boomacw's Jewellery Shoppe.
 22010 | Orc:1    | Noticed Harold
 22027 | D:11     | XOM is BORED!
 22027 | D:11     | XOM: medium Fire miscast
 22084 | D:11     | XOM: divination: magic mapping
 22085 | D:11     | XOM: cast spell 'Metabolic Englaciation'
 22192 | D:11     | XOM: confuse monster(s)
 22236 | D:12     | XOM: harmless Erth miscast
 22389 | Orc:1    | XOM: summons 5 friendly demons
 22409 | D:11     | XOM: give mutations
 22409 | D:11     | Gained mutation: Your flesh is heat resistant. (rF+) [Xom's mischief]
 22409 | D:11     | Lost mutation: You are partially covered in thin metallic scales. (AC +2) [Xom's mischief]
 22459 | Orc:1    | Noticed Harold
 22459 | Orc:1    | Harold changed into Harold the fire crab
 22459 | Orc:1    | XOM: polymorph Harold -> Harold the fire crab
 22530 | Orc:1    | XOM: cast spell 'Summon Butterflies'
 22534 | Orc:1    | Killed Harold the fire crab
 22571 | Orc:1    | Found Juzung's Book Emporium.
 22590 | Orc:1    | Found a roughly hewn altar of Beogh.
 22597 | Orc:1    | Found Azemanod's Distillery.
 22612 | Orc:1    | Bought a potion of heal wounds for 65 gold pieces
 22612 | Orc:1    | Bought a potion of berserk rage for 65 gold pieces
 22612 | Orc:1    | Bought a potion of agility for 52 gold pieces
 22674 | Orc:1    | Lost mutation: Your natural rate of healing is unusually fast. [a neqoxec]
 22737 | Orc:1    | XOM: harmless Tloc miscast
 22813 | Orc:1    | Found Meiclian's Distillery.
 22823 | Orc:1    | Bought a potion of heal wounds for 75 gold pieces
 22823 | Orc:1    | Bought a potion of might for 60 gold pieces
 22829 | Orc:1    | Bought the amulet of Apaudown {Spirit Fragile rPois Slay+2} for 616 gold pieces
 22866 | Orc:1    | Found Noamasm's Magic Scroll Boutique.
 22876 | Orc:1    | Bought a scroll of magic mapping for 56 gold pieces
 22972 | Orc:1    | XOM: summons 1 hostile demon
 23044 | Orc:2    | Entered Level 2 of the Orcish Mines
 23122 | Orc:2    | XOM: cast spell 'Statue Form'
 23134 | Orc:2    | XOM: confuse monster(s)
 23140 | Orc:2    | XOM: cast spell 'Ring of Flames'
 23145 | Orc:2    | XOM: divination: detect items
 23146 | Orc:2    | Found Cion's Book Emporium.
 23239 | Orc:2    | Found Tyth's Antique Weapon Boutique.
 23241 | Orc:2    | Noticed Venturno's ghost (journeyman DrTm)
 23430 | Orc:2    | XOM: cast spell 'Shadow Creatures'
 23454 | Orc:2    | XOM: harmless Necr miscast
 23470 | Orc:2    | XOM: divination: detect creatures
 23490 | Orc:2    | XOM: confuse monster(s)
 23504 | Orc:2    | Killed Venturno's ghost
 23577 | Orc:2    | Found Bomad's General Store.
 23577 | Orc:2    | XOM: 7-stop teleportation journey
 23660 | Orc:2    | XOM: divination: detect creatures
 23779 | Orc:2    | XOM: 2-stop teleportation journey
 23809 | Orc:2    | XOM: summons friendly ufetubus
 24223 | Orc:2    | Found a staircase to the Elven Halls.
 24266 | Orc:2    | Found Paej's Antique Armour Shoppe.
 24307 | Orc:2    | Bought a pair of glowing boots for 217 gold pieces
 24318 | Orc:2    | Bought a brightly glowing cloak for 275 gold pieces
 24328 | Orc:2    | Identified the +1 cloak of the Enchanted Forest {Dex+4} (You bought it in a shop on level 2 of the Orcish Mines)
 24581 | Lair:5   | XOM is BORED!
 24581 | Lair:5   | XOM: mild Necr miscast
 24661 | Lair:5   | XOM: noise
 24773 | Lair:5   | XOM: cast spell 'Call Canine Familiar'
 24799 | Lair:5   | XOM: harmless Tmut miscast
 24969 | Lair:5   | XOM: cast spell 'Summon Butterflies'
 25340 | Lair:5   | XOM: harmless Tloc miscast
 25578 | Lair:5   | XOM: cast spell 'Summon Ice Beast'
 25822 | Lair:6   | Entered Level 6 of the Lair of Beasts
 25900 | Lair:6   | Reached XP level 16. HP: 70/132 MP: 18/25
 26181 | Lair:6   | XOM: 1-stop teleportation journey
 26219 | Lair:6   | XOM: enchant monster (bad)
 26231 | Lair:6   | XOM: enchant monster (bad)
 26269 | Lair:6   | XOM is BORED!
 26269 | Lair:6   | XOM: chaos cloud
 26271 | Lair:6   | XOM: smoke on damage
 26399 | Lair:6   | XOM: confuse monster(s)
 26456 | Lair:6   | XOM: noise
 26471 | Lair:6   | XOM: noise
 26481 | Lair:6   | Reached skill level 15 in Fighting
 26510 | Lair:6   | XOM: harmless Fire miscast
 26609 | Lair:6   | XOM: enchant monster (bad)
 26798 | Lair:6   | XOM: cast spell 'Cause Fear'
 26800 | Lair:6   | XOM: potion effect (brilliance)
 26897 | Lair:6   | Found a viscous altar of Jiyva.
 26897 | Lair:6   | Found a staircase to the Slime Pits.
 27315 | Lair:6   | XOM: mild Ice miscast
 27366 | Lair:4   | XOM: give mutations
 27366 | Lair:4   | Gained mutation: You are dopey. (Int -2) [Xom's mischief]
 27366 | Lair:4   | Gained mutation: Armour fits poorly on your strangely shaped body. [Xom's mischief]
 27377 | Spider:1 | Entered Level 1 of the Spider Nest
 27436 | Lair:4   | XOM: medium Pois miscast
 28096 | Spider:1 | XOM: enchant monster (bad)
 28145 | Spider:1 | XOM: scenery: create altars
 28400 | Spider:1 | XOM: cleaving
 29090 | Lair:1   | XOM: give mutations
 29090 | Lair:1   | Gained mutation: You have a pair of small horns on your head. [Xom's grace]
 29090 | Lair:1   | Gained mutation: You are agile. (Dex +2) [Xom's grace]
 29149 | Lair:4   | Got a creamy pearl robe
 29160 | Lair:4   | Identified the +1 robe of Tender Moments {rElec} (You found it on level 4 of the Lair of Beasts)
 29174 | Lair:4   | Upgraded the game from 0.22-a0-409-gb855193 to 0.22-a0-410-g97be04f
 29418 | Spider:2 | XOM: god gift: 14 sling bullets {god gift}
 29426 | Spider:2 | XOM: confuse monster(s)
 29439 | Spider:2 | XOM: polymorph worker ant -> wolf
 29503 | Spider:2 | XOM: noise
 29565 | Spider:2 | XOM: harmless Chrm miscast
 29593 | Spider:2 | Reached skill level 1 in Stealth
 29599 | Spider:2 | XOM: mild Hex miscast
 29607 | Spider:2 | XOM: mild Summ miscast
 29614 | Spider:2 | XOM: divination: magic mapping
 29616 | Spider:2 | Noticed Louise
 29636 | Spider:2 | XOM: enchant monster (good)
 29663 | Spider:2 | XOM: 3-stop teleportation journey
 29816 | Spider:2 | XOM: give mutation
 29816 | Spider:2 | Gained mutation: You are resistant to hostile enchantments. (MR+) [Xom's grace]
 29905 | Spider:2 | XOM: severe Conj miscast
 30113 | Spider:3 | Noticed Asterion
 30131 | Spider:3 | XOM: cast spell 'Summon Butterflies'
 30132 | Spider:3 | XOM: potion effect (magic)
 30133 | Spider:3 | Killed Asterion
 30162 | Spider:2 | Slain by a spark wasp
